 Dungeon Crawl Stone Soup version 0.23.0 (webtiles) character file.

Game seed: 7069834964556848637

53 Monsterracer the Skirmisher (level 4, -2/37 HPs)
             Began as a Formicid Chaos Knight on Feb 11, 2019.
             Was a Plaything of Xom.
             Slain by an ogre
             ... wielding a +0 giant club
              (13 damage)
             ... on level 2 of the Dungeon.
             The game lasted 00:01:07 (1311 turns).

Monsterracer the Skirmisher (Formicid Chaos Knight) Turns: 1311, Time: 00:01:08

Health: -2/37      AC:  5    Str: 17    XL:     4   Next: 11%
Magic:  4/4        EV: 11    Int: 12    God:    Xom [......]
Gold:   73         SH:  0    Dex: 10    Spells: 3/3 levels left

rFire    + . .     SeeInvis +   a - +0 mace (chaos)
rCold    . . .     Gourm    .   (no shield)
rNeg     . . .     Faith    .   b - +2 leather armour
rPois    .         Spirit   .   (helmet unavailable)
rElec    .         Reflect  .   (no cloak)
rCorr    .         Harm     .   (no gloves)
MR       .....                  (no boots)
Stlth    +.........             (no amulet)
HPRegen  0.12/turn              F - ring of protection from fire {!d}
MPRegen  0.09/turn              (no ring)

@: lethally poisoned (-2 -> -4), drained
A: permanent stasis, dig shafts and tunnels, four strong arms, antennae 3
a: Dig, Shaft Self, Renounce Religion


You were on level 2 of the Dungeon.
You worshipped Xom.
You were a very special plaything of Xom.
You were near starving.

You visited 1 branch of the dungeon, and saw 2 of its levels.

You collected 73 gold pieces.

Inventory:

Hand Weapons
 a - a +0 mace of chaos (weapon)
Armour
 b - a +2 leather armour (worn)
Jewellery
 F - a ring of protection from fire (left hand) {!d}
Scrolls
 e - 2 scrolls of teleportation {unknown}
 f - a scroll of enchant weapon {unknown}
 g - 3 scrolls of enchant armour {unknown}
 i - a scroll of fog {unknown}
Potions
 d - 2 potions of curing {unknown}
Comestibles
 c - 4 rations


   Skills:
 * Level 4.0(3.2) Fighting
 * Level 3.6(2.8) Maces & Flails
 + Level 2.6(1.8) Armour
 + Level 1.4(0.7) Dodging


You had 3 spell levels left.
You didn't know any spells.
Your spell library was empty.

Dungeon Overview and Level Annotations

Branches:
Dungeon (2/15)

Altars:

Annotations:
D:2 Robin


Innate Abilities, Weirdness & Mutations

You cannot be hasted, slowed, berserked, paralysed or teleported.
You can dig through walls and to a lower floor.
Your four strong arms can wield two-handed weapons with a shield.
You have a pair of large antennae on your head. (SInv)


Message History

The bat closely misses you.
Are you sure you want to shaft yourself?
You extend your mandibles.
You dig through the rock wall.
An adder comes into view.
The bat hits you but does no damage.
Found 16 gold pieces.
You retract your mandibles.
The adder hisses angrily.
The bat completely misses you.
You extend your mandibles.
You dig through the rock wall.
The bat hits you but does no damage.
You dig through the rock wall.
The bat barely misses you.
You dig through the rock wall.
The bat barely misses you.
You retract your mandibles.
You thump the bat!
You kill the bat!
The adder closely misses you.
You closely miss the adder. The adder barely misses you.
You sock the adder!
The adder is severely wounded.
The adder bites you.
You are poisoned.
The adder poisons you! The adder bites you but does no damage.
You take 1 damage, and have 29/30 hp.
You closely miss the adder.
The adder is severely wounded.
You feel sick. The adder bites you. The adder barely misses you.
You take 3 damage, and have 26/30 hp.
You closely miss the adder.
The adder is severely wounded.
You feel sick. The adder bites you.
You take 4 damage, and have 22/30 hp.
You closely miss the adder.
The adder is severely wounded.
The adder barely misses you. x2
You barely miss the adder.
The adder is severely wounded.
You feel sick. The adder bites you. The adder bites you but does no damage.
You take 3 damage, and have 19/30 hp.
You miss the adder.
The adder is severely wounded.
The adder bites you but does no damage.
You hit the adder.
The adder is almost dead.
The adder bites you.
You are more poisoned.
The adder poisons you! The adder bites you but does no damage.
You take 1 damage, and have 18/30 hp.
You hit the adder. You burn the adder.
You kill the adder!
You feel sick. The goblin closely misses you.
You take 1 damage, and have 17/30 hp.
You barely miss the goblin.
You feel sick. The goblin barely misses you.
You take 1 damage, and have 16/30 hp.
You closely miss the goblin.
You feel sick. The goblin barely misses you.
You take 1 damage, and have 15/30 hp.
You sock the goblin!
You kill the goblin!
Your base Fighting skill increases to level 4!
Unknown command.
You hit the goblin. You freeze the goblin.
You kill the goblin!
You have reached level 4!
You feel clever.
You feel sick.
You regained 3 hp, and now have 18/37 hp.
MP restored: 4 You barely miss the hobgoblin.
The hobgoblin hits you with a +0 club.
* * * LOW HITPOINT WARNING * * *
You take 2 damage, and have 16/37 hp.
You are near starving!
You hit the hobgoblin.
The hobgoblin is almost dead.
The hobgoblin blinks!
You feel sick. The goblin hits you.
* * * LOW HITPOINT WARNING * * *
You take 2 damage, and have 14/37 hp.
You hit the goblin. You burn the goblin.
You kill the goblin!
The goblin hits you.
* * * LOW HITPOINT WARNING * * *
You take 1 damage, and have 13/37 hp.
You hit the goblin.
The goblin is poisoned.
The goblin is almost dead.
You feel sick.
You kill the goblin!
You take 1 damage, and have 12/37 hp.
You hit the goblin. You burn the goblin.
You kill the goblin!
You hit the rat. Lightning courses through the rat!
You kill the rat!
You feel sick.
You take 1 damage, and have 11/37 hp.
Unknown command.
You sock the ogre!
The ogre flickers and vanishes for a moment.
Xom is interested.
The ogre is moderately wounded.
The ogre hits you with a +0 giant club!
You die...
Xom chortles!

### ..# ### #.# #@##
####.############O#
#.....##......##{######
#.....##.{....#{{.....#
......##....g..$.{......
.........<..g.#.........
...g################...#
##..{{.{{g!..{.. ....
#.#####...##... ..#


You could see an ogre (invisible).

Vanquished Creatures
  An adder (D:2)
  2 oozes (D:1)
  3 leopard geckos (D:1)
  6 goblins
  2 hobgoblins (D:1)
  4 bats
  2 frilled lizards (D:1)
  7 kobolds (D:1)
  8 rats
35 creatures vanquished.

Notes
Turn   | Place    | Note
-------+----------+-------------------------------------------
     0 | D:1      | Monsterracer the Formicid Chaos Knight began the quest for
                  | the Orb.
     0 | D:1      | Reached XP level 1. HP: 18/18 MP: 1/1
     3 | D:1      | XOM: silly message
    73 | D:1      | Reached skill level 1 in Dodging
   151 | D:1      | Reached XP level 2. HP: 24/24 MP: 2/2
   341 | D:1      | Reached XP level 3. HP: 25/30 MP: 3/3
   456 | D:1      | XOM: draining
   942 | D:1      | XOM: noise
  1265 | D:2      | Noticed Robin
  1267 | D:2      | Noticed an ogre
  1302 | D:2      | HP: 15/30 [poisoned by an adder]
  1303 | D:2      | Reached skill level 4 in Fighting
  1304 | D:2      | Reached XP level 4. HP: 19/37 MP: 4/4
  1307 | D:2      | HP: 13/37 [goblin[Robin] (2)]
  1311 | D:2      | Slain by an ogre

Skill      XL: |  1  2  3 |
---------------+----------+-----
Dodging        | 1 |  1.4
Fighting       | 4 |  4.0
Maces & Flails | |  3.6
Armour         | |  2.6

Action                   |  1- 3 |  4- 6 || total
-------------------------+-------+-------++-------
Melee: Mace              |    91 |     7 ||    98
 Abil: Dig               |     2 |       ||     2
Armor: Leather armour    |    40 |       ||    40
Dodge: Dodged            |    80 |       ||    80

Levels and vault maps discovered:
D:1:      nagdon_arrival_zigzag_paths, layout_basic
D:2:      layout_basic, okawaru_trees_1, first_ration, uniq_robin
